[Event "*** Titled Tuesday 3|2 Blitz"]
[Site "Chess.com"]
[Date "2015.10.06"]
[Round "1"]
[White "Iball95"]
[Black "Makalexa"]
[Result "0-1"]
[WhiteElo "2334"]
[BlackElo "2055"]
[TimeControl "180+2"]
[EndTime "17:10:49 PDT"]
[Termination "Makalexa won on time"]

1. e4 e5 2. Nf3 Nc6 3. Nc3 Nf6 4.
Bb5 Nd4 5. Bc4 d6 6. Nxd4 exd4 7. Nd5 Be6 8. d3 c6 9. Nxf6+ Qxf6 10. O-O Bxc4 11.
dxc4 Be7 12. Qd3 O-O 13. b3 d5 14. cxd5 cxd5 15. exd5 Rad8 16. Qb5 d3 17. Be3 dxc2 18.
Qxb7 a6 19. Rac1 Rc8 20. g3 Ba3 21. Rce1 Rfe8 22. Bc1 Qd6 23. Rxe8+ Rxe8 24. Bxa3 Qxa3 25. Qc6 Rd8 26. Qxc2 Rxd5 27. Qc8+ Qf8 28. Qxa6 h5 29. Qc4 Qd8 30. a4 Rd4 31. Qc3 h4 32. Re1 h3 33. Qc6 Rd1 34. Qe4 Qd5 35. Kf1 Rxe1+ 36. Qxe1 Qh1+ 37. Ke2 Qxh2 38. Qc1 Qg2 39. Qc8+ Kh7 40.
Qf5+ Kh6 41. Qf4+ Kg6 42. Qg4+ Kf6 43. Qf4+ Ke7 44. Qe5+ Kf8 45. Qb8+ Ke7 46. Qe5+ Kd7 47. Qd4+ Ke6 48. Qg4+ Ke5 49. Qf4+ Ke6 50. Qg4+ f5 51. Qg6+ Kd5 52. Qf7+ Kd4 53. Qc4+ Ke5 54. Qc7+ Ke6 55. Qc8+ Ke5 56. Qe8+ Kf6 57. Qf8+ Ke5 58. Qe7+ Kd4 59. Qe3+ Kd5 60. Qd3+ Ke5 61. Qe3+ Qe4 62. f4+ Kd5 63. Qxe4+ fxe4 64. Kf2 e3+ 0-1

[Event "*** Titled Tuesday 3|2 Blitz"]
[Site "Chess.com"]
[Date "2015.10.06"]
[Round "1"]
[White "Goala"]
[Black "Mornar1951"]
[Result "0-1"]
[WhiteElo "2154"]
[BlackElo "2603"]
[TimeControl "180+2"]
[EndTime "17:11:32 PDT"]
[Termination "Mornar1951 won by resignation"]

1. d4 Nf6 2. c4 e6 3. Nf3 Bb4+ 4.
Bd2 Qe7 5. g3 Bxd2+ 6. Qxd2 Nc6 7. Bg2 Ne4 8. Qc2 Qb4+ 9. Kf1 d5 10. b3 O-O 11. a3 Qe7 12. Nc3 Nxc3 13. Qxc3 Rd8 14. h4 Bd7 15. h5 h6 16. b4 dxc4 17.
Qxc4 Be8 18. Rc1 a6 19. Rh4 Rac8 20. Kg1 f6 21. Bh3 Bf7 22. Qc3 Na7 23. a4 Nc6 24. b5 axb5 25. axb5 Nb4 26. e3 Kf8 27. Nd2 Na2 28.
Qc2 Nxc1 29. Qxc1 c6 30. bxc6 Rxc6 31. Qb2 e5 32. dxe5 Qxe5 33. Qxb7 Rc1+ 34. Nf1 Rc7 35. Qb1 Bxh5 36. Rf4 Bf7 37. Qh7 Bg8 38. Qb1 Qe7 39.
Rb4 Be6 40. Re4 Bxh3 41. Rxe7 Rxe7 42. Kh2 Be6 43. Qb4 Kf7 44. Nd2 Red7 45. Nf3 Bd5 46. Nd4 Kg8 47. Qc5 Rb7 48. Qa3 Rb1 49. g4 Rb7 50.
Qa5 Rbd7 51. Kg3 Bf7 52. Nf5 Bg6 53. Qa2+ Kh7 54. Nd4 Re8 55. Qa4 Ree7 56. Qb5 Rb7 57. Qc5 Rec7 58. Qd5 Rd7 59. Qc5 Rbc7 60. Qb5 Rf7 61.
Qb3 Rce7 62. Qb4 Re4 63. Qc4 h5 64. gxh5 Bxh5 65. Qd5 Rg4+ 66. Kh3 Rg5 67. Qe4+ Bg6 68. Qc6 Rf8 69. f4 Rh5+ 70. Kg3 f5 71. Qd6 Rf6 72. Qe5 Bf7 73. Qe7 Rg6+ 74. Kf2 Bc4 75. Nf3 Bd5 76.
Ng5+ Kh6 77. Nf7+ Bxf7 78. Qxf7 Kh7 79. Qe6 Rxe6 0-1

[Event "*** Titled Tuesday 3|2 Blitz"]
[Site "Chess.com"]
[Date "2015.10.06"]
[Round "1"]
[White "Po6Don"]
[Black "IM_Michal_Luch"]
[Result "0-1"]
[WhiteElo "1947"]
[BlackElo "2355"]
[TimeControl "180+2"]
[EndTime "17:11:49 PDT"]
[Termination "IM_Michal_Luch won on time"]

1. e4 c5 2. c3 Nf6 3. e5 Nd5 4. d4 cxd4 5. Nf3 e6 6. cxd4 d6 7. Bc4 Nc6 8. O-O Be7 9. Bd2 O-O 10. Nc3 Nb6 11. Bb3 dxe5 12. dxe5 Nd4 13. Be3 Nxb3 14.
Qxb3 Bd7 15. Rfd1 Qe8 16. Bxb6 axb6 17. Qxb6 Rc8 18. Nd4 Bc5 19. Qxb7 Rb8 20. Qc7 Rc8 21.
Qb7 Rb8 22. Qc7 Rc8 23. Qa5 Qe7 24. Nb3 Bb4 25. Qa7 Rfd8 26. Rac1 Ra8 27. Qb7 Rab8 28. Qf3 Qg5 29. Qg3 Qh5 30. Ne4 Kh8 31. Nd6 Kg8 32.
Rd4 Qh6 33. Rcd1 Ba4 34. Rh4 Qg6 35. Rg4 Qh6 36. h4 Bxb3 37. axb3 Bxd6 38. exd6 Rd7 39. Rgd4 Qf6 40. f4 Rbd8 41. Qf2 Qf5 42. b4 g6 43. Qd2 h5 44. b5 Qxb5 45. b4 Qf5 46. Qe3 Qg4 47.
Qf2 Qf5 48. Qe2 Rb8 49. Rc4 Kg7 50. Rc7 Rbd8 51. Rxd7 Rxd7 52. b5 Qc5+ 53. Qf2 Qxb5 54. Qd4+ Kh7 55. Rc1 Qd5 56. Rd1 Qxd4+ 57. Rxd4 Kg7 58.
Kf2 Kf6 59. Ke3 e5 60. fxe5+ Kxe5 61. g4 hxg4 62. Rxg4 Rxd6 63. h5 Kf5 64. Rf4+ Kg5 65. hxg6 fxg6 66. Ra4 Rf6 67. Rb4 Kh5 68. Rb5+ g5 69. Rb1 g4 70. Rh1+ Kg5 71. Rh8 g3 72. Rg8+ Kh4 73. Rh8+ Kg4 74. Ke2 g2 75. Rg8+ Kh3 0-1

[Event "*** Titled Tuesday 3|2 Blitz"]
[Site "Chess.com"]
[Date "2015.10.06"]
[Round "1"]
[White "Penguininja"]
[Black "Zvonokchess"]
[Result "1-0"]
[WhiteElo "2166"]
[BlackElo "2535"]
[TimeControl "180+2"]
[EndTime "17:13:53 PDT"]
[Termination "Penguininja won by resignation"]

1. d4 Nf6 2. c4 e6 3. g3 Bb4+ 4. Bd2 Qe7 5. Bg2 Nc6 6. e3 O-O 7. Ne2 Bxd2+ 8. Qxd2 d6 9. Nbc3 a5 10. O-O e5 11. Nd5 Nxd5 12. cxd5 Nb4 13. a3 Na6 14. Qxa5 Bg4 15. Nc3 exd4 16. exd4 Rfe8 17. Qb5 h6 18. h3 Bd7 19. Qd3 Qf6 20. Rae1 Bf5 21. Qd2 Qg6 22. Rxe8+ Rxe8 23. Re1 Rxe1+ 24. Qxe1 Kf8 25. g4 Bd7 26. Qe4 Qf6 27. Ne2 Bb5 28. Ng3 g6 29. f4 Nb8 30. f5 Nd7 31. fxg6 fxg6 32. Qf3 Qxf3 33. Bxf3 Nb6 34. Kf2 Bc4 35. Ke3 Nxd5+ 36. Bxd5 Bxd5 37. h4 Ke7 38. Kf4 b5 39. Nf1 Be6 40. Ne3 Bf7 41.
b4 Kf6 42. g5+ hxg5+ 43. hxg5+ Ke6 44. Ke4 c6 45. d5+ Kd7 46. dxc6+ Kxc6 47. Kd4 Be6 48. Ng2 Bf5 49. Nf4 Bc2 50. Nd5 Bf5 51. Ne7+ Kd7 52. Nd5 Be6 53. Nc3 Kc6 54. Ne4 Bf5 55. Nf6 Be6 56.
Ne8 Kd7 57. Nf6+ Kc6 58. Ne4 Bf5 59. Nc3 Be6 60. Ne2 Bf5 61. Nf4 Bc2 62. Kc3 Bf5 63. Kd4 Bc2 64. Nd5 Bf5 65. Ne3 Bb1 66.
Kc3 Be4 67. Kd4 Bb1 68. Ng2 Bc2 69. Nh4 Kd7 70. Nf3 Ke6 71. Nh4 Bb1 72. Ke3 Kd5 73. Nf3 Kc4 74. Nd4 Bd3 75. Ne6 Bf5 76. Nd4 Bd7 77. Ne2 Kb3 78. Kd4 Kxa3 79. Kc3 Bf5 80.
Nd4 Bd7 81. Nc2+ Ka2 82. Ne3 Kb1 83. Nd5 Ka2 84. Nf6 Be6 85. Ne8 d5 86. Nc7 Bd7 87.
Nxd5 Ka3 88. Ne7 Be8 89. Nd5 Bd7 90. Nb6 Be8 91. Nd5 Bc6 92. Ne3 Bd7 93. Nc2+ Ka4 94. Nd4 Be8 95. Ne6 Ka3 96. Nc7 Bd7 97. Nd5 Be8 98.
Kd4 Bf7 99. Nf6 Kxb4 100. Ne4 Kb3 101. Nd6 Bc4 102. Ne4 Be6 103. Nc5+ Kc2 104. Nxe6 b4 105. Nc5 b3 106. Nxb3 Kxb3 107. Ke5 Kc4 108. Kf6 Kd5 109. Kxg6 Ke6 110. Kh7 Kf7 111. g6+ Kf6 112. g7 1-0

[Event "*** Titled Tuesday 3|2 Blitz"]
[Site "Chess.com"]
[Date "2015.10.06"]
[Round "1"]
[White "Bab3s"]
[Black "facu57"]
[Result "1/2-1/2"]
[WhiteElo "2112"]
[BlackElo "2504"]
[TimeControl "180+2"]
[EndTime "17:13:53 PDT"]
[Termination "Game drawn by stalemate"]

1. e4 c5 2. c3 e6 3. d4 d5 4.
exd5 exd5 5. Nf3 Nf6 6. Be3 c4 7. b3 cxb3 8. axb3 Nc6 9. g3 Bd6 10. Bg2 O-O 11. O-O Re8 12. c4 Bf5 13. Nc3 Nb4 14. Bg5 dxc4 15. bxc4 h6 16. Bxf6 Qxf6 17. c5 Bxc5 18. dxc5 Qxc3 19. Qd4 Qxd4 20. Nxd4 Bd3 21. Rfd1 Rad8 22. Nb3 Bc2 23. Rxd8 Rxd8 24. Na5 b6 25. cxb6 axb6 26. Nc4 b5 27. Na3 Bd3 28. Rd1 Rc8 29. Bf1 Bxf1 30. Kxf1 Rc5 31. Rb1 Nc6 32. Rxb5 Rc3 33. Nb1 Rc2 34. Na3 Rd2 35. Nc4 Ra2 36. Ne5 Nd4 37. Rb8+ Kh7 38. Nxf7 Nf3 39. h4 Nh2+ 40.
Kg2 Ng4 41. Kf3 Rxf2+ 42. Kxg4 Rxf7 43. Kh3 Rf2 44. Rb3 Ra2 45. Re3 Kg6 46. Rf3 Kh5 47. Rd3 Ra1 48. Rd5+ Kg6 49. Rd4 Kf5 50. Rf4+ Ke5 51.
Rg4 Ra7 52. Rf4 g5 53. hxg5 hxg5 54. Rb4 Kf5 55. Rb5+ Kg6 56. Kg4 Ra4+ 57. Kh3 Kh5 58. Rb8 g4+ 59. Kg2 Ra2+ 60. Kg1 Kg5 61. Rb4 Kf5 62.
Rf4+ Kg5 63. Rb4 Rc2 64. Rb5+ Kf6 65. Rb4 Kf5 66. Rb5+ Ke4 67. Rb3 Re2 68. Ra3 Re3 69. Ra4+ Kf3 70. Kh2 Re2+ 71. Kg1 Re3 72. Kh2 Re2+ 73.
Kg1 Rg2+ 74. Kf1 Rxg3 75. Ra3+ Kf4 76. Ra4+ Kg5 77. Kf2 Rb3 78. Kg2 Kh4 79. Ra8 Rb2+ 80. Kg1 Kh3 81. Ra3+ g3 82. Ra1 Rg2+ 83. Kh1 Rd2 84.
Kg1 Kg4 85. Rb1 Rd3 86. Kg2 Rd2+ 87. Kg1 Re2 88. Rc1 Kf3 89. Rc3+ Kf4 90. Rc4+ Kf3 91. Rc3+ Kg4 92. Rc4+ Kh3 93. Rc1 Rg2+ 94. Kh1 Ra2 95. Kg1 Rb2 96. Rd1 Rc2 97. Rb1 Kg4 98. Rb4+ Kf3 99. Rb3+ Kf4 100. Rb4+ Kf3 101. Rb3+ Kg4 102. Rb4+ Kh3 103. Rb1 Rc3 104. Ra1 Rb3 105. Rc1 Rd3 106. Rb1 Re3 107. Rc1 Kg4 108. Rc4+ Kf3 109. Rc1 g2 110. Rb1 Kg3 111. Rc1 Kh3 112. Rd1 Kg3 113. Rc1 Kf3 114. Rd1 Ke2 115. Ra1 Rg3 116. Ra2+ Kf3 117. Ra3+ Kf4 118. Rxg3 Kxg3 1/2-1/2

[Event "*** Titled Tuesday 3|2 Blitz"]
[Site "Chess.com"]
[Date "2015.10.06"]
[Round "2"]
[White "AlexanderL"]
[Black "spirals5"]
[Result "1-0"]
[WhiteElo "2529"]
[BlackElo "2119"]
[TimeControl "180+2"]
[EndTime "17:18:40 PDT"]
[Termination "AlexanderL won by resignation"]

1. d4 d5 2. Bf4 Nf6 3. e3 Bf5 4. c4 c6 5. Nc3 e6 6. Qb3 Qb6 7. c5 Qxb3 8. axb3 Nbd7 9. h3 Be7 10.
b4 O-O 11. Nf3 a6 12. Nd2 Rfe8 13. Nb3 Rec8 14. Na5 Ra7 15. Ra4 h6 16. Nxb7 Rxb7 17.
Bxa6 Rbb8 18. Bxc8 Rxc8 19. O-O g5 20. Bh2 Nf8 21.
Ra7 Bd8 22. Rfa1 N6d7 23. Ra8 Rxa8 24. Rxa8 Bf6 25. b5 cxb5 26. Nxb5 Kg7 27. Bd6 Ng6 28. c6 Nb6 29. c7 Nxa8 30. c8=Q Nb6 31. Qc5 Nc4 32. b3 Nd2 33. Nc7 Nxb3 34. Ne8+ Kh8 35.
Qc8 e5 36. Qxf5 1-0

[Event "*** Titled Tuesday 3|2 Blitz"]
[Site "Chess.com"]
[Date "2015.10.06"]
[Round "2"]
[White "Boryboy"]
[Black "gmjlh"]
[Result "0-1"]
[WhiteElo "2445"]
[BlackElo "2633"]
[TimeControl "180+2"]
[EndTime "17:19:44 PDT"]
[Termination "gmjlh won by resignation"]

1. d4 Nf6 2. Nf3 d5 3. c4 e6 4. g3 dxc4 5. Bg2 a6 6. Ne5 c5 7.
Na3 cxd4 8. Naxc4 Ra7 9. Bd2 Nd5 10. Ba5 b6 11. Qxd4 f6 12. Nd3 Nc6 13. Bxb6 Nxd4 14. Bxd8 Kxd8 15. Rc1 Nb4 16. a3 Nxd3+ 17. exd3 Rc7 18.
Rd1 Bd7 19. O-O Ba4 20. Rd2 Bc5 21. Re1 Ke7 22. h4 Kf7 23. Kh2 Rd8 24. b4 Ba7 25. h5 g6 26. h6 Nf5 27. Rde2 Re7 28. Bh3 Bb5 29. Rc2 Nd4 0-1

[Event "*** Titled Tuesday 3|2 Blitz"]
[Site "Chess.com"]
[Date "2015.10.06"]
[Round "2"]
[White "steinitz_attack"]
[Black "Po6Don"]
[Result "1/2-1/2"]
[WhiteElo "1763"]
[BlackElo "1918"]
[TimeControl "180+2"]
[EndTime "17:19:46 PDT"]
[Termination "Game drawn by agreement"]

1. Nf3 d5 2. g3 Nc6 3. Bg2 e5 4.
d3 f5 5. O-O Nf6 6. c4 dxc4 7.
dxc4 Qxd1 8. Rxd1 Be6 9. b3 e4 10. Ng5 Bd7 11. Bb2 Be7 12. Nc3 h6 13. Nh3 O-O-O 14. Nd5 Be6 15. Nhf4 Bf7 16. Nxe7+ Nxe7 17. Ba3 Nc6 18. Bh3 Ng4 19. Bxg4 fxg4 20. e3 Ne5 21. Kg2 g5 22. Nd5 Bxd5 23. Rxd5 Rxd5 24. cxd5 Rf8 25. Bxf8 Kd7 1/2-1/2

[Event "*** Titled Tuesday 3|2 Blitz"]
[Site "Chess.com"]
[Date "2015.10.06"]
[Round "2"]
[White "facu57"]
[Black "UltimateCrusher2"]
[Result "1-0"]
[WhiteElo "2505"]
[BlackElo "2014"]
[TimeControl "180+2"]
[EndTime "17:20:11 PDT"]
[Termination "facu57 won by resignation"]

1. e4 e6 2. d3 d5 3. Nd2 Nf6 4.
Ngf3 Bc5 5. e5 Nfd7 6. d4 Be7 7.
c4 dxc4 8. Bxc4 c5 9. O-O cxd4 10. Ne4 O-O 11. Bg5 Nc6 12. Bxe7 Qxe7 13. Bb5 Ndxe5 14. Nxe5 Nxe5 15. Qxd4 Ng6 16. Rfd1 a6 17. Be2 b5 18. Bf3 Bb7 19. g3 Rfd8 20. Qe3 Rxd1+ 21. Rxd1 Rd8 22. Rxd8+ Qxd8 23. Qa7 Qa8 24. Nf6+ gxf6 25. Qxb7 Qxb7 26. Bxb7 a5 27. f4 Ne7 28. Kf2 Kf8 29. Ke3 Nf5+ 30.
Kd3 Ke7 31. Ba6 Nd6 32. Kd4 b4 33. Kc5 e5 34. Kb6 e4 35. Kxa5 e3 36. Kxb4 Ke6 37. Kc5 Ne4+ 38. Kd4 1-0

[Event "*** Titled Tuesday 3|2 Blitz"]
[Site "Chess.com"]
[Date "2015.10.06"]
[Round "2"]
[White "HubertKnott"]
[Black "dsanchez1973"]
[Result "0-1"]
[WhiteElo "1969"]
[BlackElo "1953"]
[TimeControl "180+2"]
[EndTime "17:20:13 PDT"]
[Termination "dsanchez1973 won by resignation"]

1. d4 d5 2. Nf3 c6 3. c4 e6 4. cxd5 exd5 5. Nc3 Nf6 6. Bg5 Be7 7. e3 Bg4 8. h3 Bh5 9. Be2 Nbd7 10. O-O h6 11.
Bh4 Bg6 12. Bd3 Ne4 13. Bxe7 Qxe7 14. Qc2 O-O 15. Nd2 Nxc3 16. Qxc3 Bxd3 17. Qxd3 Nf6 18. Rab1 Rfe8 19. b4 Ne4 20. a4 Nxd2 21. Qxd2 Qe4 22. b5 Re6 23. bxc6 bxc6 24. Rb3 Rae8 25. Rfb1 Rg6 26. g3 h5 27. Qd3 Qf3 28. Qd1 Qe4 29. Qd3 Qe6 30. h4 Qh3 31. Qf1 Qxh4 32. Qg2 Qg5 33. Rb7 h4 34. Rxa7 hxg3 35. fxg3 Qxe3+ 36.
Kf1 Rxg3 0-1

[Event "*** Titled Tuesday 3|2 Blitz"]
[Site "Chess.com"]
[Date "2015.10.06"]
[Round "2"]
[White "GMVallejo"]
[Black "Gabrinsky"]
[Result "1-0"]
[WhiteElo "2617"]
[BlackElo "2477"]
[TimeControl "180+2"]
[EndTime "17:20:17 PDT"]
[Termination "GMVallejo won by checkmate"]

1. e4 e6 2. d4 d5 3. Nc3 Bb4 4. Ne2 Nf6 5. e5 Ne4 6. a3 Nxc3 7. bxc3 Be7 8. Nf4 g6 9. c4 dxc4 10. Bxc4 O-O 11. O-O a6 12. a4 Bg5 13. c3 Nc6 14.
Qg4 Bd7 15. Nxg6 Bxc1 16. Nxf8+ Kxf8 17. Raxc1 Ne7 18. a5 Bc6 19. Qh4 Qd7 20. Qh6+ Kg8 21. Bd3 Ng6 22. f4 Qd5 23. Rc2 Rd8 24. h4 Kh8 25. h5 Nf8 26. Qf6+ Kg8 27. h6 Ng6 28. Qg7# 1-0

[Event "*** Titled Tuesday 3|2 Blitz"]
[Site "Chess.com"]
[Date "2015.10.06"]
[Round "2"]
[White "NMofPuppets"]
[Black "190l"]
[Result "1-0"]
[WhiteElo "2204"]
[BlackElo "1998"]
[TimeControl "180+2"]
[EndTime "17:20:31 PDT"]
[Termination "NMofPuppets won by checkmate"]

1. e4 c5 2. Nf3 d6 3. c3 Nf6 4.
Be2 Nc6 5. d4 cxd4 6. cxd4 Nxe4 7. d5 Ne5 8. Qa4+ Bd7 9. Qxe4 Nxf3+ 10. Qxf3 Rc8 11. Nc3 g6 12. O-O Bg7 13. Bd2 O-O 14. Rac1 a6 15. b3 b5 16. Ne4 Qb6 17. Be3 Qa5 18. Ng5 Qxa2 19. Rxc8 Bxc8 20. Bd1 Bf5 21. Qg3 Bd3 22. Re1 Bc3 23. Qh4 h5 24.
Bxh5 Bxe1 25. Be2 Kg7 26. Bd4+ e5 27. dxe6+ f6 28. Qh7# 1-0

[Event "*** Titled Tuesday 3|2 Blitz"]
[Site "Chess.com"]
[Date "2015.10.06"]
[Round "2"]
[White "Tal-Baronfew"]
[Black "LePlusMortel"]
[Result "1-0"]
[WhiteElo "2753"]
[BlackElo "2408"]
[TimeControl "180+2"]
[EndTime "17:20:33 PDT"]
[Termination "Tal-Baronfew won by resignation"]

1. e4 c5 2. Nf3 d6 3. d4 cxd4 4. Nxd4 Nf6 5. Nc3 g6 6. Be3 Bg7 7. h3 O-O 8. Qd2 Nc6 9. O-O-O Nxd4 10. Bxd4 Be6 11. Kb1 Qc7 12. g4 Rfc8 13. Bg2 Qa5 14. b3 Nd7 15. Nd5 Qd8 16. Bxg7 Kxg7 17. f4 Bxd5 18.
exd5 Qc7 19. Rhe1 Re8 20. h4 Rac8 21. h5 Qc3 22. Qf2 gxh5 23. g5 Kg8 24. Re3 Qg7 25. Rh3 Nc5 26. Rxh5 Qg6 27. Rdh1 Ne4 28. Bxe4 Qxe4 29.
f5 Qg4 30. Rxh7 Qxg5 31. R7h5 Qf6 32. Qg3+ 1-0

[Event "*** Titled Tuesday 3|2 Blitz"]
[Site "Chess.com"]
[Date "2015.10.06"]
[Round "2"]
[White "Makalexa"]
[Black "IMRosen"]
[Result "0-1"]
[WhiteElo "2030"]
[BlackElo "2258"]
[TimeControl "180+2"]
[EndTime "17:20:39 PDT"]
[Termination "IMRosen won by resignation"]

1. e4 c5 2. Nf3 e6 3. d4 cxd4 4. Nxd4 Nc6 5. Nxc6 bxc6 6. c4 Nf6 7. Bd3 Be7 8. Nc3 d5 9. O-O O-O 10. Bf4 d4 11. Ne2 c5 12. e5 Nd7 13. Ng3 f5 14.
exf6 Nxf6 15. Qd2 Bd6 16. Bxd6 Qxd6 17. Ne4 Nxe4 18. Bxe4 Rb8 19. b3 Qf4 20. Qxf4 Rxf4 21. Rfe1 Kf7 22. g3 Rf6 23. f4 Rb6 24. Rad1 a5 25.
Rd3 g6 26. Re2 Ke7 27. Kg2 Kd6 28. h4 Bd7 29. a4 Rf8 30. Rf3 Rfb8 31. Bc2 Bc6 32.
Re5 Rxb3 33. Bxb3 Rxb3 34. Rd5+ Bxd5 35. cxd5 Rxf3 36. Kxf3 Kxd5 0-1

[Event "*** Titled Tuesday 3|2 Blitz"]
[Site "Chess.com"]
[Date "2015.10.06"]
[Round "2"]
[White "chesstatour"]
[Black "ilmago"]
[Result "1-0"]
[WhiteElo "1870"]
[BlackElo "1890"]
[TimeControl "180+2"]
[EndTime "17:21:19 PDT"]
[Termination "chesstatour won by resignation"]

1. d4 Nf6 2. c4 g6 3. Nc3 Bg7 4. e4 d6 5. f4 O-O 6. Nf3 c5 7.
d5 e6 8. dxe6 Bxe6 9. Bd3 Nc6 10. O-O Re8 11. f5 Bd7 12. Bg5 h6 13. Bxf6 Qxf6 14. Nd5 Qxb2 15. Rb1 Qxa2 16. Rxb7 Bc8 17. Rc7 Nb4 18. fxg6 fxg6 19. Nh4 g5 20. Rxg7+ Kxg7 21. Qf3 Be6 22. Qf6+ Kg8 23. Qg6+ Kh8 24. Qxh6+ Kg8 25. Qxg5+ Kh8 26. Ng6+ Kh7 27. Nf6+ Kg7 28. Ne5+ Kf8 29. Nd5+ 1-0

[Event "*** Titled Tuesday 3|2 Blitz"]
[Site "Chess.com"]
[Date "2015.10.06"]
[Round "2"]
[White "cheese111"]
[Black "Cruel_Yaro"]
[Result "1-0"]
[WhiteElo "2164"]
[BlackElo "2468"]
[TimeControl "180+2"]
[EndTime "17:21:20 PDT"]
[Termination "cheese111 won on time"]

1. e4 e5 2. Nf3 Nf6 3. Nc3 Nc6 4. g3 Bc5 5. Bg2 d6 6. d3 a6 7. O-O h6 8. Be3 g5 9. Nd2 Be6 10. Nd5 Nd7 11. Bxc5 Nxc5 12. f4 exf4 13. gxf4 gxf4 14.
Rxf4 Qg5 15. Nf3 Qd8 16. Nf6+ Kf8 17. d4 Nd7 18. d5 Nxf6 19. dxe6 Rh7 20. Nd4 Ne5 21.
Qf1 Nh5 22. Rf5 Qh4 23. Nf3 Qe7 24. Nxe5 1-0

[Event "*** Titled Tuesday 3|2 Blitz"]
[Site "Chess.com"]
[Date "2015.10.06"]
[Round "2"]
[White "Andnar"]
[Black "Jahonas"]
[Result "1-0"]
[WhiteElo "2251"]
[BlackElo "2042"]
[TimeControl "180+2"]
[EndTime "17:21:23 PDT"]
[Termination "Andnar won by resignation"]

1. e4 c6 2. d4 d5 3. Nc3 dxe4 4.
Nxe4 Bf5 5. Ng3 Bg6 6. h4 h6 7.
Nf3 Nd7 8. h5 Bh7 9. Bd3 Bxd3 10.
Qxd3 Ngf6 11. Bd2 Qc7 12. O-O-O O-O-O 13. Kb1 a6 14. Rhe1 e6 15. Qe2 Bd6 16. Ne5 Rhf8 17.
Nc4 Bxg3 18. fxg3 Qxg3 19. Rf1 Nd5 20. Ba5 Rde8 21. Rf3 Qb8 22. Rb3 b5 23. Ne5 Nxe5 24. dxe5 Qa7 25. c4 bxc4 26. Qxc4 Kd7 27. Bb4 Rg8 28.
Bc5 Qa8 29. Bd6 Rb8 30. Bxb8 Rxb8 31. Rf3 Ke8 32. Rdf1 Qb7 33. Rb3 Nb6 34. Qc5 Qc7 35.
Rc1 Nd7 36. Qxc6 Qxc6 37. Rxc6 Rxb3 38. axb3 Nxe5 39. Rxa6 f5 40. Rxe6+ 1-0

[Event "*** Titled Tuesday 3|2 Blitz"]
[Site "Chess.com"]
[Date "2015.10.06"]
[Round "2"]
[White "eugeniusjr"]
[Black "ItalianMachine"]
[Result "0-1"]
[WhiteElo "1993"]
[BlackElo "2207"]
[TimeControl "180+2"]
[EndTime "17:21:25 PDT"]
[Termination "ItalianMachine won by resignation"]

1. c4 Nf6 2. g3 e6 3. Bg2 d5 4.
Nf3 c5 5. O-O d4 6. e3 Nc6 7. exd4 cxd4 8. Re1 Be7 9. a3 a5 10.
d3 O-O 11. Bf4 Nd7 12. Ne5 Ncxe5 13. Bxe5 Nc5 14. Qc2 f6 15. Bf4 a4 16. Bc1 e5 17.
Nd2 Bf5 18. Ne4 Nb3 19. Rb1 Rc8 20. Qe2 Qd7 21. Bd2 b5 22. Bb4 Bxb4 23. axb4 bxc4 24. dxc4 d3 25. Qe3 Rxc4 26. Red1 Rd8 27. Nd2 Rxb4 28.
h3 Bxh3 29. Bxh3 Qxh3 30. Nxb3 Rxb3 31. Qa7 Qg4 32. Qc7 Qd4 33. Rd2 a3 34. Qc1 axb2 35.
Rdxb2 Rxb2 36. Rxb2 d2 0-1

[Event "*** Titled Tuesday 3|2 Blitz"]
[Site "Chess.com"]
[Date "2015.10.06"]
[Round "2"]
[White "Viaje"]
[Black "KyronGriffith"]
[Result "1-0"]
[WhiteElo "2193"]
[BlackElo "2214"]
[TimeControl "180+2"]
[EndTime "17:21:34 PDT"]
[Termination "Viaje won by resignation"]

1. d4 Nf6 2. c4 c5 3. d5 e6 4. Nc3 exd5 5. cxd5 d6 6. Nf3 g6 7. Bf4 a6 8. a4 Bg7 9. e3 O-O 10. h3 Bf5 11. Nd2 Re8 12. Be2 Ne4 13. g4 Bxc3 14. bxc3 Nxc3 15. Qb3 Nxe2 16. Kxe2 Bc8 17. Qb6 Nd7 18.
Qxd6 Qa5 19. h4 Nf8 20. f3 Rd8 21. Qe5 Nd7 22. Qc7 Qxc7 23. Bxc7 Re8 24. Rhc1 b6 25. Nc4 Ra7 26. d6 a5 27. Nxb6 Ba6+ 28. Kf2 Ne5 29.
Kg3 Nd3 30. Rc3 f5 31. d7 1-0

[Event "*** Titled Tuesday 3|2 Blitz"]
[Site "Chess.com"]
[Date "2015.10.06"]
[Round "2"]
[White "Iball95"]
[Black "josiwales"]
[Result "1-0"]
[WhiteElo "2337"]
[BlackElo "2067"]
[TimeControl "180+2"]
[EndTime "17:22:01 PDT"]
[Termination "Iball95 won by resignation"]

1. e4 c5 2. Nf3 Nc6 3. Bb5 Na5 4.
O-O a6 5. Be2 b5 6. d4 cxd4 7.
a4 b4 8. Nxd4 e6 9. Bf3 Bb7 10.
Nd2 Be7 11. e5 Nh6 12. N2b3 Nxb3 13. cxb3 Bxf3 14. Qxf3 Rc8 15. Bxh6 gxh6 16. Rad1 Rg8 17. Rfe1 Qb6 18. Qe4 Rg6 19. h4 h5 20. Nf3 Bc5 21.
Re2 Ke7 22. Red2 Qa7 23. Kf1 a5 24. g3 Rc7 25. Ng5 h6 26. Nh7 Qa6+ 27. Kg2 Rg4 28. Qf3 f5 29. exf6+ Kf7 30. Rxd7+ Rxd7 31. Rxd7+ Ke8 32.
Rc7 Bd6 33. f7+ Kd8 34. Rc6 Qb7 35. Rxd6+ 1-0

[Event "*** Titled Tuesday 3|2 Blitz"]
[Site "Chess.com"]
[Date "2015.10.06"]
[Round "2"]
[White "ltpnj"]
[Black "Dlugy"]
[Result "0-1"]
[WhiteElo "2333"]
[BlackElo "2553"]
[TimeControl "180+2"]
[EndTime "17:22:19 PDT"]
[Termination "Dlugy won by resignation"]

1. e4 d5 2. exd5 Qxd5 3. Nc3 Qd6 4. d4 c6 5. Nf3 Bg4 6. Be2 Nd7 7. O-O Ngf6 8. Bg5 e6 9. Bh4 Qc7 10. Ne5 Nxe5 11. dxe5 Bxe2 12. Qxe2 Nd5 13. Nxd5 cxd5 14. Rac1 Rc8 15. Rfd1 Qc4 16. Qh5 Bc5 17. b3 Qc3 18. Qg5 O-O 19. Re1 Ba3 20. Rcd1 Qxc2 21. Qg3 Qg6 22. Qf3 Rc2 23. Re2 Rfc8 24. h3 h6 25.
Rde1 Bb4 26. Rd1 a6 27. a4 R2c3 28. Re3 Qc2 29. Rde1 Qxb3 30. Bf6 Bf8 31. Qg4 Rxe3 32.
Rxe3 Qc4 33. Qg3 Qxa4 34. Rf3 Qd1+ 35. Kh2 Rc1 36. Qg4 Rc4 37. Qg3 Qc2 38. Bd8 Qg6 0-1

[Event "*** Titled Tuesday 3|2 Blitz"]
[Site "Chess.com"]
[Date "2015.10.06"]
[Round "2"]
[White "MFBerna"]
[Black "Penguininja"]
[Result "1-0"]
[WhiteElo "2137"]
[BlackElo "2156"]
[TimeControl "180+2"]
[EndTime "17:22:46 PDT"]
[Termination "MFBerna won by checkmate"]

1. e4 e5 2. Nf3 Nc6 3. Bb5 f5 4. Nc3 fxe4 5. Nxe4 Nf6 6. Qe2 d5 7. Nxf6+ gxf6 8. d4 Bg7 9. dxe5 O-O 10. e6 Ne5 11. Nd4 c5 12. Nf5 Bxe6 13. Nxg7 Kxg7 14. Qh5 Kh8 15. O-O c4 16. Bf4 Ng6 17. Bh6 a6 18. Bxf8 Qxf8 19. Rfe1 Qg8 20. Qf3 Kg7 21. Qe3 Nf8 22.
Qg3+ Kf7 23. Qc7+ Kg6 24. Qxb7 Rd8 25. Qc7 Nd7 26. Rxe6 Qxe6 27. Qxd8 axb5 28. Qc7 Ne5 29. h3 h5 30. Qc5 Qf5 31. Qxd5 Qxc2 32. Re1 Nd3 33.
Qe4+ Kg7 34. Qe7+ Kg6 35. Qe8+ Kf5 36. Qxh5+ Kf4 37. Qg4# 1-0

[Event "*** Titled Tuesday 3|2 Blitz"]
[Site "Chess.com"]
[Date "2015.10.06"]
[Round "2"]
[White "HansCoolNiemann"]
[Black "zmaj23"]
[Result "0-1"]
[WhiteElo "2106"]
[BlackElo "2317"]
[TimeControl "180+2"]
[EndTime "17:22:59 PDT"]
[Termination "zmaj23 won by resignation"]

1. d4 Nf6 2. c4 e5 3. dxe5 Ng4 4. Bf4 g5 5. Bg3 Bg7 6. Nf3 Nc6 7. Nc3 Ngxe5 8. Nxe5 Nxe5 9. e3 d6 10. Be2 Be6 11. Qb3 b6 12. h4 g4 13. h5 h6 14. Bh4 Qd7 15. Nd5 O-O 16. Nf6+ Bxf6 17. Bxf6 Qc6 18. O-O Bxc4 19. Bxc4 Qxc4 20. Qxc4 Nxc4 21.
Rac1 Nd2 22. Rfd1 Ne4 23. Bh4 Nc5 24. b4 Ne6 25. Rc4 f5 26. f3 b5 27. Rc3 a5 28.
Rb1 axb4 29. Rxb4 Rxa2 30. Rxb5 f4 31. fxg4 f3 32. gxf3 Rxf3 33. Rf5 Nd4 34. Rxf3 Nxf3+ 35. Kf1 Nxh4 36. Rxc7 Nf3 37. Rc6 Rd2 38. Rc8+ Kf7 39. Rh8 Kg7 40. Re8 Ne5 41. Re7+ Kf6 42. Re8 Nxg4 43.
Rg8 Ne5 44. Ke1 Rh2 45. Rd8 Rxh5 46. Rxd6+ Kf5 47. Kf2 Rh3 48. Rd8 Ng4+ 49. Kg2 Rxe3 50. Rf8+ Kg5 51. Rg8+ Kh4 52. Rf8 Rg3+ 53. Kh1 Kh3 54.
Rf5 Ra3 55. Kg1 Kg3 56. Kf1 Ne3+ 57. Ke2 Nxf5 0-1